 Dungeon Crawl Stone Soup version 0.31.0-12-g77e489cdc1 (webtiles) character file.

Game seed: 10914611387198944561

151 catyrpelius the Ruffian (level 5, 0/41 HPs)
             Began as a Draconian Shapeshifter on Feb 18, 2024.
             Was a Follower of Qazlal.
             Slain by an ogre
             ... wielding a +0 giant club
              (21 damage)
             ... on level 4 of the Dungeon.
             The game lasted 00:19:05 (2461 turns).

catyrpelius the Ruffian (Draconian Shapeshifter)    Turns: 2461, Time: 00:19:05

Health: 0/41       AC:  5    Str: 17    XL:     5   Next: 10%
Magic:  5/5        EV: 12    Int: 10    God:    Qazlal [*.....]
Gold:   117        SH:  1    Dex: 12    Spells: 4/4 levels left

rFire   . .          .
                       - Unarmed
rCold   . . .        (no shield)
rNeg    . . .        (body armour unavailable)
rPois   .            (helmet currently unavailable)
rElec   .            (cloak currently unavailable)
rCorr   .            (gloves currently unavailable)
SInv    .            (boots currently unavailable)
Will    .....        (no amulet)
Stlth   +            (no ring)
HPRegen 0.26/turn    (no ring)
MPRegen 0.09/turn

%: no passive effects
@: beast-form
A: beast (slay +2), AC +5, unfitting armour, cold-blooded
a: Begin Untransformation, Renounce Religion


You were on level 4 of the Dungeon.
You worshipped Qazlal.
Qazlal was aware of your devotion.
You were a hulking beast.
You visited 1 branch of the dungeon, and saw 4 of its levels.

You collected 117 gold pieces.

Inventory:

Armour
 f - a +0 cloak
Talismans
 b - a beast talisman
 c - a flux talisman
Wands
 e - a wand of iceblast (4)
Scrolls
 d - 2 scrolls of enchant weapon
 g - 3 scrolls of revelation
 j - a scroll of enchant armour
 k - a scroll of poison {unknown}
Potions
 a - 4 potions of lignification
 h - a potion of brilliance
 l - a potion of enlightenment {unknown}


   Skills:
 * Level 2.1 Fighting
 * Level 2.5 Dodging
 - Level 0.1 Stealth
 + Level 4.0 Unarmed Combat
 * Level 0.9 Invocations
 * Level 3.9 Shapeshifting


You had 4 spell levels left.
You didn't know any spells.
Your spell library was empty.

Dungeon Overview and Level Annotations

Branches:
Dungeon (4/15)
 Temple: D:4-7

Altars:
Nemelex Xobeh
Qazlal
Wu Jian

Shops:
D:3 =


Innate Abilities, Weirdness & Mutations

You are a hulking beast.
Your limbs bulge with bestial killing power. (Slay +2)
Your plain brown scales are hard. (AC +5)
You cannot fit into any form of body armour.
You are cold-blooded and may be slowed by cold attacks.


Message History

The ogre shouts!
A hound comes into view.
You hit the ogre but do no damage.
The hound barks!
The ogre hits you with a +0 giant club!!
Ouch! That really hurt!
* * * LOW HITPOINT WARNING * * *
It was a potion of curing.
You feel better. The ogre misses you.
You hit the ogre.
The ogre is lightly wounded.
You hit the ogre.
The ogre is moderately wounded.
The ogre barely misses you. The hound completely misses you.
The hound closely misses you.
You barely miss the ogre.
The ogre is moderately wounded.
The ogre closely misses you.
You hit the ogre.
The ogre is moderately wounded.
The ogre barely misses you.
You hit the ogre.
The ogre is heavily wounded.
You closely miss the ogre.
The ogre is heavily wounded.
The ogre misses you.
You closely miss the ogre.
The ogre is heavily wounded.
You hit the ogre but do no damage. You tail-slap the ogre.
The ogre is heavily wounded.
The ogre closely misses you.
You hit the ogre.
The ogre is severely wounded.
The ogre barely misses you.
You barely miss the ogre.
The ogre is severely wounded.
You hit the ogre.
Your tail-slap misses the ogre.
The ogre is almost dead.
The ogre hits you with a +0 giant club!!
Ouch! That really hurt!
You die...

......#....#.#....#
.......§.#.#S.#...#
.........#.#......#
.#...........##..##
....#.....#.###..#
#.. ##...##.##.†.##
.. #.......##...##
. ..##...###....###
.##.... #.h.....#
##....##O#...##
........h...##
..###...#..##
#.........
#.....#......
####.##...... ###
##?... #...


You could see an ogre and a hound.

Vanquished Creatures
  A phantom (D:4)
  3 orcs (D:3)
  9 endoplasms
  2 giant cockroaches
  5 goblins
  4 hobgoblins
  5 jackals
  5 quokkas
  10 ball pythons
  6 bats
  2 frilled lizards
  4 kobolds
  10 rats
66 creatures vanquished.

Notes
Turn   | Place    | Note
-------+----------+-------------------------------------------
     0 | D:1      | catyrpelius the Draconian Shapeshifter began the quest for
                  | the Orb.
     0 | D:1      | Reached XP level 1. HP: 16/16 MP: 1/1
   112 | D:1      | Found a faded altar of an unknown god.
   174 | D:1      | Reached XP level 2. HP: 18/23 MP: 2/2
   773 | D:1      | Reached XP level 3. HP: 26/28 MP: 3/3
  1485 | D:2      | Found a sparkling altar of Nemelex Xobeh.
  2093 | D:3      | Reached XP level 4. HP: 36/36 MP: 4/4
  2110 | D:3      | Found Lediz's Jewellery Emporium.
  2141 | D:3      | Found a faded altar of an unknown god.
  2146 | D:3      | Found an ornate altar of the Wu Jian Council.
  2150 | D:3      | Prayed at the altar of an unknown god.
  2150 | D:3      | Became a worshipper of Qazlal Stormbringer
  2150 | D:3      | Reached * piety under Qazlal
  2301 | D:4      | Noticed a scorpion
  2321 | D:4      | Noticed an ogre
  2362 | D:4      | Noticed a phantom
  2377 | D:4      | Killed a phantom
  2378 | D:4      | Reached skill level 4 in Unarmed Combat
  2378 | D:4      | Reached XP level 5. HP: 24/41 MP: 5/5
  2461 | D:4      | Slain by an ogre

Illustrated notes

Levels and vault maps discovered:
D:1:      lemuel_arrival_broad_hall, layout_basic,
          shapermc_ecumenical_altar_flowoftime
D:2:      layout_basic, basic_altar
D:3:      layout_rooms, nicolae_overflow_ecumenical_swirl, serial_shops, shop
D:4:      cheibrodos_pilgrimage, layout_cave_pools

Skill      XL: |  1  2  3  4 |
---------------+-------------+-----
Dodging        | 2 |  2.5
Fighting       | 2 |  2.1
Unarmed Combat | 4 |  4.0
Stealth        | |  0.1
Invocations    | |  0.9
Shapeshifting  | |  3.9

Action                     |  1- 3 |  4- 6 || total
---------------------------+-------+-------++-------
  Melee: Unarmed           |   138 |    45 ||   183
         Punch             |     3 |       ||     3
         Tailslap          |    10 |     4 ||    14
    Use: Scroll            |     7 |       ||     7
         Potion            |       |     1 ||     1
 Armour: Skin              |    53 |    18 ||    71
  Dodge: Dodged            |    64 |    28 ||    92
  Block: Other             |       |     2 ||     2
